 Dungeon Crawl Stone Soup version 0.25.1-2-g60ff931df9 (webtiles) character file.

Game seed: 9206127517395354900

22 FreshCat the Chopper (level 2, -12/24 HPs)
             Began as a Demonspawn Chaos Knight on Sept 5, 2020.
             Was a Plaything of Xom.
             Mangled by a kobold
             ... wielding a +2 dagger of electrocution
              (19 damage)
             ... on level 1 of the Dungeon.
             The game lasted 00:02:43 (470 turns).

FreshCat the Chopper (Demonspawn Chaos Knight)       Turns: 470, Time: 00:02:44

Health: -12/24     AC:  5    Str: 12    XL:     2   Next: 68%
Magic:  2/2        EV: 11    Int: 13    God:    Xom [.*....]
Gold:   3          SH:  0    Dex: 12    Spells: 1/1 levels left

rFire    . . .     SeeInvis .   a - +0 hand axe (chaos)
rCold    . . .     Gourm    .   (no shield)
rNeg     . . .     Faith    .   b - +2 leather armour
rPois    .         Spirit   .   (no helmet)
rElec    .         Reflect  .   i - scarf {repulsion}
rCorr    .         Harm     .   (no gloves)
MR       .....                  (no boots)
Stlth    +.........             (no amulet)
HPRegen  0.08/turn              (no ring)
MPRegen  0.08/turn              (no ring)

@: very slightly contaminated, invisible, repel missiles
A: demonic guardian 1
a: Renounce Religion


You were on level 1 of the Dungeon.
You worshipped Xom.
You were a plaything of Xom.
You were not hungry.

You visited 1 branch of the dungeon, and saw 2 of its levels.

You collected 3 gold pieces.

Inventory:

Hand Weapons
 a - a +0 hand axe of chaos (weapon)
Missiles
 m - 39 stones (quivered)
Armour
 b - a +2 leather armour (worn)
 i - a scarf of repulsion (worn)
Scrolls
 d - a scroll of fog {unknown}
 f - a scroll of teleportation {unknown}
 h - a scroll of blinking {unknown}
Potions
 j - a potion of degeneration {unknown}
 k - a potion of berserk rage {unknown}
 l - a potion of flight {unknown}
Comestibles
 c - a ration
 g - 7 chunks of flesh


   Skills:
 + Level 3.3 Fighting
 + Level 3.3 Axes
 + Level 1.8 Armour
 + Level 0.9 Dodging
 + Level 0.4 Stealth


You had one spell level left.
You didn't know any spells.
Your spell library was empty.

Dungeon Overview and Level Annotations

Branches:
Dungeon (2/15)

Altars:


Innate Abilities, Weirdness & Mutations

A weak demonic guardian rushes to your aid.


Message History

There is a stone staircase leading down here.
Press: ? - help, v - describe, . - travel
Here: a kobold, wielding a +2 dagger of electrocution (severely wounded)
The floor.
It was a potion of invisibility.
You fade into invisibility!
The kobold hits you with a +2 dagger of electrocution.
You are very lightly contaminated with residual magic.
You closely miss the kobold.
The kobold is severely wounded.
The kobold hits you but does no damage.
You closely miss the kobold.
The kobold is severely wounded.
The kobold barely misses you.
The kobold hits you with a +2 dagger of electrocution.
* * * LOW HITPOINT WARNING * * *
You are electrocuted!!
Ouch! That really hurt!
You die...
Xom chuckles heartily!

#.###... .... ..#.#)..########
........ ... ..#..)#........#
..K....% ..###..#.#.#..)......
.$...... ......#####.##.....#
......#. ..............#.#.#
......# #.......#####....รท>
####### ##.#.##. ... #.#.#..
#.)..## ..#.#......
#......#@## #...#.###..
#..#####K.# #....#.... . ..
###^## #.....### #...##.#
#...# ###....## #......###.###
##..... ...##...#.#### #.....
##...........#### #.#...
##...............### ##.#...
#..................#####..#...


You could see a kobold.

Vanquished Creatures
  An ooze (D:1)
  A leopard gecko (D:1)
  2 ball pythons (D:1)
  2 bats (D:1)
  A goblin (D:1)
  2 hobgoblins (D:1)
  A frilled lizard (D:1)
  5 kobolds (D:1)
  2 rats (D:1)
17 creatures vanquished.

Notes
Turn   | Place    | Note
-------+----------+-------------------------------------------
     0 | D:1      | FreshCat the Demonspawn Chaos Knight began the quest for
                  | the Orb.
     0 | D:1      | Reached XP level 1. HP: 18/18 MP: 1/1
    48 | D:1      | XOM: silly message
    49 | D:1      | Gained mutation: A weak demonic guardian rushes to your
                  | aid. [demonic ancestry]
    49 | D:1      | Reached XP level 2. HP: 14/24 MP: 2/2
   196 | D:1      | XOM: 4-stop teleportation journey
   224 | D:1      | XOM: divination: magic mapping
   234 | D:1      | XOM: divination: detect items
   254 | D:1      | XOM: 2-stop teleportation journey
   470 | D:1      | Mangled by a kobold

Illustrated notes

Levels and vault maps discovered:
D:1:      eino_arrival_druids_welcome, layout_rooms, glass_columns_a,
          hex_medium, minmay_split_cup_large
D:2:      layout_rooms, first_ration, chequers_ecumenical_altar_simple_redux

Skill      XL: |  1 |
---------------+----+-----
Axes           | 3 |  3.3
Fighting       | |  3.3
Armour         | |  1.8
Dodging        | |  0.9
Stealth        | |  0.4

Action                   || total
-------------------------++-------
Melee: Hand axe          ||    44
Throw: Stone             ||    13
  Use: Potion            ||     1
 Stab: Confused          ||     2
       Petrified         ||     2
       Petrifying        ||     1
       Sleeping          ||     1
Armor: Leather armour    ||    17
Dodge: Dodged            ||    34
       Repelled          ||     2
